 Dungeon Crawl Stone Soup version 0.23.2 (webtiles) character file.

Game seed: 8471067444147326337

669 Gunterle the Vandal (level 7, 0/50 HPs)
             Began as a Demonspawn Hunter on Apr 1, 2019.
             Succumbed to a gnoll's poison
             ... on level 4 of the Dungeon.
             The game lasted 00:22:09 (5739 turns).

Gunterle the Vandal (Demonspawn Hunter)             Turns: 5739, Time: 00:22:09

Health: 0/50       AC:  4    Str: 13    XL:     7   Next: 32%
Magic:  16/16      EV: 12    Int: 14    God:
Gold:   166        SH:  0    Dex: 13    Spells: 6/6 levels left

rFire    + . .     SeeInvis .   a - +1 hunting sling
rCold    . . .     Gourm    .   (no shield)
rNeg     . . .     Faith    .   c - +0 leather armour
rPois    .         Spirit   .   (no helmet)
rElec    .         Reflect  .   (no cloak)
rCorr    .         Harm     .   E - +0 pair of gloves
MR       .....                  (boots unavailable)
Stlth    +.........             (no amulet)
HPRegen  0.16/turn              g - ring of magical power
MPRegen  0.15/turn              (no ring)

@: lethally poisoned (0 -> -5)
A: talons 3, fire resistance 1, flame cloud immunity, sturdy frame 1
a: no special abilities


You were on level 4 of the Dungeon.
You were not hungry.

You visited 1 branch of the dungeon, and saw 4 of its levels.

You collected 166 gold pieces.

Inventory:

Hand Weapons
 a - a +1 hunting sling (weapon)
 b - a +0 short sword
 o - a +1 scimitar of holy wrath
 y - a +0 flail
 A - a +0 falchion
Missiles
 e - 34 bolts
 l - 30 arrows
 r - 6 tomahawks
 C - a throwing net
 D - 48 stones (quivered)
Armour
 c - a +0 leather armour (worn)
 w - a +2 chain mail of cold resistance
 E - a +0 pair of gloves (worn)
Jewellery
 g - a ring of magical power (left hand)
 q - an uncursed amulet of rage {unknown}
Wands
 t - a wand of iceblast (7)
Scrolls
 h - 3 scrolls of amnesia
 j - 3 scrolls of magic mapping
 m - 4 scrolls of remove curse
 x - a scroll of fear {unknown}
 B - a scroll of teleportation {unknown}
Potions
 i - 2 potions of brilliance {unknown}
 k - a potion of magic
 n - a potion of degeneration {unknown}
 p - 2 potions of heal wounds {unknown}
 s - a potion of flight {unknown}
 u - a potion of curing
 v - a potion of resistance {unknown}
 z - a potion of agility {unknown}
Comestibles
 f - 8 rations
 F - 2 chunks of flesh


   Skills:
 - Level 2.0 Fighting
 * Level 3.7 Long Blades
 * Level 7.2 Slings
 - Level 1.7 Dodging
 - Level 0.8 Stealth


You had 6 spell levels left.
You didn't know any spells.
Your spell library contained the following spells:

 Spells                   Type           Power        Failure   Level  Hunger
 Confusing Touch          Hex            #.....       30%         1    ##.....
 Confuse                  Hex            #.......     65%         3    ####...
 Gell's Gravitas          Tloc           #.........   65%         3    ####...
 Petrify                  Tmut/Erth      #.......     96%         4    #####..
 Metabolic Englaciation   Hex/Ice        #.........   100%        5    ######.
 Yara's Violent Unravell  Hex/Tmut       #.........   100%        5    ######.


Dungeon Overview and Level Annotations

Branches:
Dungeon (4/15)
 Temple: D:4-7

Altars:
Xom

Annotations:
D:3 Sigmund
D:4 exclusion: gnoll


Innate Abilities, Weirdness & Mutations

You have claws for feet.
Your flesh is heat resistant. (rF+)
You are immune to clouds of flame.
Your movements are slightly less encumbered by armour. (ER -2)


Message History

You feel sick.
The gnoll throws a throwing net.
The throwing net hits you.
You become entangled in the net!
You see here a throwing net.
You struggle against the net.
The gnoll barely misses you.
You struggle against the net.
You feel sick.
The gnoll hits you from afar with a +0 spear.
The gnoll hits you with a +0 flail.
You struggle against the net.
You feel sick. The gnoll hits you but does no damage.
The gnoll barely misses you.
You struggle against the net.
You feel sick.
The gnoll hits you from afar with a +0 spear!
* * * LOW HITPOINT WARNING * * *
The gnoll closely misses you.
The gnoll hits you from afar with a +0 halberd.
* * * LOW HITPOINT WARNING * * *
You rip the net and break free!
The gnoll hits you from afar with a +0 spear!
* * * LOW HITPOINT WARNING * * *
The gnoll closely misses you.
You die...

#..# #.# #.........# #.##
#.#####.##......# #.#
#....[...#....... ###### #.#
#................ .....# #.#
##.......#....... .....###.#
##........>(.....# .....##..##
####.................
..........###..........(.........
.....#....##....@.gg..(.........#
.....#....##.##.##.g()...(#....##
.....#....#..##..####..##.#.#...#
.....#......####.####.##....##..#
.....#......# #...##.##....##...
.....#....#.## ###>...)#.........
##.###....#..########............
#.# #....##[...#####.#.......#..
##.############.......#>......#..


You could see 3 gnolls.

Vanquished Creatures
  Menkaure (D:4)
  A phantom (D:4)
  Blork the orc (D:4)
  A howler monkey (D:3)
  A hound (D:4)
  An iguana (D:4)
  4 worker ants
  A hound skeleton (D:4)
  6 adders
  4 gnolls
  An ooze (D:2)
  An adder zombie (D:4)
  2 worms
  3 dart slugs
  2 leopard geckos
  8 orcs
  5 giant cockroaches
  6 goblins
  10 hobgoblins
  7 jackals
  4 quokkas
  2 ball pythons
  7 bats
  3 frilled lizards
  3 kobolds
  7 rats
92 creatures vanquished.

Notes
Turn   | Place    | Note
-------+----------+-------------------------------------------
     0 | D:1      | Gunterle the Demonspawn Hunter began the quest for the Orb.
     0 | D:1      | Reached XP level 1. HP: 16/16 MP: 1/1
   426 | D:1      | Reached skill level 4 in Slings
   426 | D:1      | Gained mutation: Your flesh is heat resistant. (rF+)
                  | [demonic ancestry]
   426 | D:1      | Reached XP level 2. HP: 22/22 MP: 2/2
  1051 | D:1      | Gained mutation: You have sharp toenails. [demonic
                  | ancestry]
  1051 | D:1      | Reached XP level 3. HP: 27/27 MP: 3/3
  1410 | D:1      | Reached skill level 5 in Slings
  1704 | D:2      | Gained mutation: You have razor-sharp toenails. [demonic
                  | ancestry]
  1704 | D:2      | Reached XP level 4. HP: 33/33 MP: 4/4
  1793 | D:2      | Found a faded altar of an unknown god.
  2539 | D:3      | Noticed Sigmund
  2590 | D:3      | Found a shimmering altar of Xom.
  2823 | D:3      | Gained mutation: Your movements are slightly less
                  | encumbered by armour. (ER -2) [demonic ancestry]
  2823 | D:3      | Reached XP level 5. HP: 37/38 MP: 5/5
  3517 | D:3      | Reached skill level 6 in Slings
  3805 | D:4      | Reached skill level 1 in Long Blades
  4008 | D:4      | Noticed Blork the orc
  4024 | D:4      | Killed Blork the orc
  4024 | D:4      | Gained mutation: You are immune to clouds of flame.
                  | [demonic ancestry]
  4024 | D:4      | Reached XP level 6. HP: 31/44 MP: 6/6
  5040 | D:4      | Noticed Menkaure
  5066 | D:4      | Killed Menkaure
  5378 | D:4      | Reached skill level 7 in Slings
  5378 | D:4      | Gained mutation: You have claws for feet. [demonic
                  | ancestry]
  5378 | D:4      | Reached XP level 7. HP: 50/50 MP: 7/7
  5738 | D:4      | HP: 1/50 [gnoll/+0 spear (8)]
  5739 | D:4      | Succumbed to a gnoll's poison

Skill      XL: |  1  2  3  4  5  6 |
---------------+-------------------+-----
Slings         | 4 5 6 7 |  7.2
Long Blades    | 1 3 |  3.7
Fighting       | |  2.0
Dodging        | |  1.7
Stealth        | |  0.8

Action                   |  1- 3 |  4- 6 |  7- 9 || total
-------------------------+-------+-------+-------++-------
Melee: Short sword       |    70 |   109 |       ||   179
       Kick              |    10 |    43 |     9 ||    62
       Falchion          |       |    62 |    30 ||    92
 Fire: Hunting sling     |    50 |    63 |    14 ||   127
Throw: Tomahawk          |       |     7 |       ||     7
       Throwing net      |       |     1 |       ||     1
       Stone             |       |       |     5 ||     5
  Use: Scroll            |     3 |     1 |       ||     4
 Stab: Sleeping          |     1 |     1 |       ||     2
  Eat: Chunk             |     2 |    11 |     2 ||    15
Armor: Leather armour    |    22 |    55 |     5 ||    82
Dodge: Dodged            |    77 |   135 |    28 ||   240
       Rpst.: Falchion   |       |    10 |     5 ||    15
